 Dungeon Crawl Stone Soup version 0.27.1-2-g3b301248ec (webtiles) character file.

Game seed: 6515759143252663568

1147 ABBCCCDDDD the Skirmisher (level 8, -1/57 HPs)
             Began as an Octopode Abyssal Knight on Sept 27, 2021.
             Was a Believer of Lugonu.
             Killed from afar by an orc wizard (4 damage)
             ... with a magic dart
             ... on level 6 of the Dungeon.
             The game lasted 00:13:09 (7251 turns).

ABBCCCDDDD the Skirmisher (Octopode Abyssal Knight) Turns: 7251, Time: 00:13:10

Health: -1/57      AC:  1    Str: 11    XL:     8   Next: 38%
Magic:  0/13       EV: 13    Int: 23    God:    Lugonu [**....]
Gold:   180        SH:  0    Dex: 17    Spells: 11/13 levels left

rFire    . . .     SeeInvis +   a - +1 falchion
rCold    . . .     Faith    .   (no shield)
rNeg     . . .     Spirit   +   (helmet restricted)
rPois    .         Reflect  .   z - amulet of guardian spirit
rElec    .         Harm     .   e - ring of see invisible
rCorr    .         Rampage  .   s - +6 ring of intelligence
Will     .....                  u - +6 ring of dexterity
Stlth    +++.......             (no ring)
HPRegen  0.19/turn              (no ring)
MPRegen  0.13/turn              (no ring)
                                (no ring)
                                (no ring)

@: corroded
A: almost no armour, amphibious, 8 rings, camouflage 1, gelatinous body 1,
(nimble swimmer 1), tentacles, iridescent scales 2
a: Renounce Religion, Depart the Abyss, Bend Space


You were on level 6 of the Dungeon.
You worshipped Lugonu.
Lugonu was pleased with you.
You visited 1 branch of the dungeon, and saw 6 of its levels.
You visited the Abyss 1 time.

You collected 240 gold pieces.
You spent 60 gold pieces at shops.

Inventory:

Hand Weapons
 a - a +1 falchion (weapon)
 p - a +0 trident
Missiles
 b - 89 stones
 n - 20 poisoned darts (quivered)
Jewellery
 e - a ring of see invisible (left tentacle)
 s - a +6 ring of intelligence (right tentacle)
 u - a +6 ring of dexterity (on tentacle)
 z - an amulet of guardian spirit (around mantle)
Wands
 y - a wand of charming (5)
Scrolls
 f - a scroll of holy word
 j - a scroll of blinking
 l - a scroll of amnesia {unknown}
 q - a scroll of enchant weapon
Potions
 c - a potion of flight
 d - a potion of mutation
 g - a potion of cancellation {unknown}
 h - 2 potions of degeneration
 k - a potion of ambrosia {unknown}
 m - a potion of haste
 o - a potion of magic {unknown}
 r - a potion of attraction {unknown}
 t - a potion of heal wounds {unknown}
 v - a potion of curing
 w - a potion of lignification
 x - a potion of might {unknown}


   Skills:
 + Level 5.9 Fighting
 + Level 5.6 Long Blades
 - Level 2.3 Dodging
 + Level 3.3 Spellcasting
 - Level 5.0 Poison Magic
 - Level 2.8 Invocations


You had 11 spell levels left.
You knew the following spells:

 Your Spells              Type           Power      Damage    Failure   Level
a - Poisonous Vapours     Pois/Air       30%        N/A       6%          2

Your spell library contained the following spells:

 Spells                   Type           Power      Damage    Failure   Level
 Corpse Rot               Necr/Air       N/A        N/A       17%         2
 Dazzling Flash           Conj/Hex       6%         N/A       32%         3
 Dispel Undead            Necr           3%         3d7       73%         4
 Iskenderun's Mystic Bla  Conj/Tloc      3%         2d3       73%         4
 Freezing Cloud           Conj/Ice/Air   1%         6-21      97%         5
 Death Channel            Necr           1%         N/A       100%        6
 Starburst                Conj/Fire      1%         6d3       100%        6


Dungeon Overview and Level Annotations

Branches:
Dungeon (6/15)             Temple (0/1) D:6

Altars:
Hepliaklqana
Makhleb
Nemelex Xobeh
Vehumet

Shops:
D:6 =!

Annotations:
D:1 exclusion: 2 gnolls
D:2 Terence
D:3 1 runed translucent door, Crazy Yiuf
D:4 Sigmund
D:6 Edmund


Innate Abilities, Weirdness & Mutations

You cannot wear most types of armour.
You are amphibious.
You can wear up to eight rings at the same time.
Your skin changes colour to match your surroundings (Stealth+).
Your rubbery body absorbs attacks. (AC +1, EV +1)
((You are camouflaged near water. (Stealth+)))
You have tentacles for arms and can constrict up to eight enemies at once.
You are mostly covered in iridescent scales. (AC +4)


Message History

You constrict the howler monkey. The howler monkey barely misses you.
You riposte.
You slash the howler monkey!
You kill the howler monkey!
Lugonu accepts your kill.
Casting: Poisonous Vapours (safe; 6% risk of failure)
Confirm with . or Enter, or press ? or * to list all spells.
Aiming: Poisonous Vapours (safe; 6% risk of failure)
Press: ? - help, Dir - move target, f - orc warrior
Aim: an orc warrior, wielding a +0 glaive, wearing a +0 chain mail and carrying a wand of acid (12) Poisonous vapours surround the orc warrior!
The orc warrior is poisoned.
A two-headed ogre comes into view.
It is wielding a +0 giant club and a +0 giant spiked club.
Casting: Poisonous Vapours (safe; 6% risk of failure)
Confirm with . or Enter, or press ? or * to list all spells.
Aiming: Poisonous Vapours (safe; 6% risk of failure)
Press: ? - help, Dir - move target, f/p - orc warrior
Aim: an orc warrior, wielding a +0 glaive, wearing a +0 chain mail and carrying a wand of acid (12) (lightly wounded, poisoned)
Okay, then.
The orc warrior zaps a wand.
The bolt of acid misses you.
You see here a +0 dagger.
The orc warrior zaps a wand.
The bolt of acid hits you!! The acid corrodes you!
You are splashed with acid!
The two-headed ogre shouts in stereo!
The orc wizard casts a spell at you.
You are confused.
You bump into the rock wall.
The orc wizard hits you with a +0 dagger.
The orc wizard barely misses you.
You closely miss the orc wizard. The orc warrior misses you.
The orc wizard points at you and mumbles some strange words.
The magic dart hits you!
You're too confused to move!
You feel less confused.
The orc warrior zaps a wand.
The bolt of acid hits you!
* * * LOW HITPOINT WARNING * * *
The acid corrodes you!
You are splashed with acid!
* * * LOW HITPOINT WARNING * * *
The orc wizard casts a spell at you. The magic dart hits you.
You die...

#.##.##.#*.##,**,*,**,,,+,,,,,,+
#.......#*,h..,,,*,**,*,*8,,,,8*
####.########.####,*#..,**8,,8**
#.#####?......#....,,,******,
***#....##.....<.#...***+* *+
*≈*####.##....)..#..#*,*,******,
*∩* #.##.......#..#,*,**,**,**
*≈*####.##.......#..#,***,,**,*,
*≈*#....##.....@....#,*,,****,**
*≈*#.#####.....o....#,*,**,**,,*
*≈##.######.#####o..##,,,,****,,
*≈#.....# #.##...O...####**,,***
*≈##.##.# #.##.##O.......,,,,,,,
*≈*#.##.###...o...#.....#*******
*,*#...........O..#######
*,*####.##.)##.#.##
*,****#.##.....#.#


You could see a two-headed ogre, an orc warrior and an orc wizard.

Levels and vault maps discovered:
D:1:      tarquinn_simple_flora_water_f, layout_loops_cross,
          minmay_misc_feat_iff, minmay_misc_feat_nine_boxes,
          hangedman_abyss_or_decor_lesser_grid, grunt_decor_junction
D:2:      layout_loops_cross, ebering_ecumenical_altar_webs,
          minmay_pentomino_z2, uniq_terence
D:3:      layout_loops_ring, nemelex_dance_club_becter,
          minmay_misc_feat_ornament, grunt_ministairs_7, uniq_crazy_yiuf_cottage
D:4:      layout_gridville, makhleb_heckhound_becter, marbit_many_paths,
          uniq_sigmund
D:5:      layout_loops_ring, nicolae_vehumet_altar_sigil
D:6:      layout_loops_cross, mainiacjoe_overflow_cross_hatched,
          minmay_temple_entry_wispy, serial_shops,
          nicolae_shop_overgrown_old_shop, nicolae_shop_statue_plus,
          nicolae_shop_trees, shop, portal_sewer_entry_d,
          minmay_misc_feat_columns, minmay_hollow_rounded_squares, uniq_edmund

Notes
Turn   | Place    | Note
-------+----------+-------------------------------------------
     0 | Abyss:1  | ABBCCCDDDD the Octopode Abyssal Knight began the quest for
                  | the Orb.
     0 | Abyss:1  | Reached XP level 1. HP: 16/16 MP: 2/2
    54 | Abyss:1  | Noticed a small abomination
    77 | Abyss:1  | Noticed a tentacled starspawn
    88 | Abyss:1  | Noticed a freezing wraith
   101 | Abyss:1  | Noticed a wizard
   159 | Abyss:1  | Noticed a tentacled starspawn
   198 | Abyss:1  | Noticed a lich
   198 | Abyss:1  | Noticed a small abomination
   209 | D:1      | Escaped the Abyss
   332 | D:1      | Reached XP level 2. HP: 21/21 MP: 3/3
  1280 | D:2      | Found a faded altar of an unknown god.
  1293 | D:2      | Reached * piety under Lugonu
  1460 | D:2      | Reached XP level 3. HP: 24/26 MP: 4/4
  1487 | D:2      | Noticed Terence
  2503 | D:3      | Noticed a phantom
  2697 | D:3      | Reached XP level 4. HP: 28/31 MP: 6/6
  2811 | D:3      | Learned a level 2 spell: Poisonous Vapours
  3186 | D:3      | Found a runed translucent door.
  3187 | D:3      | Noticed Crazy Yiuf
  3351 | D:3      | Found a sparkling altar of Nemelex Xobeh.
  3524 | D:4      | Found a burning altar of Makhleb.
  3531 | D:4      | Reached skill level 1 in Poison Magic
  3531 | D:4      | Reached XP level 5. HP: 31/37 MP: 7/7
  3601 | D:4      | Reached skill level 1 in Spellcasting
  3684 | D:4      | Noticed Sigmund
  4226 | D:4      | Reached XP level 6. HP: 27/43 MP: 8/8
  4246 | D:5      | Entered Level 5 of the Dungeon
  4372 | D:5      | Reached ** piety under Lugonu
  4443 | D:5      | Noticed a sky beast
  4460 | D:5      | Killed a sky beast
  4744 | D:5      | Reached XP level 7. HP: 31/49 MP: 10/10
  5316 | D:5      | Found a radiant altar of Vehumet.
  5546 | D:5      | Reached skill level 5 in Fighting
  5989 | D:5      | Reached skill level 5 in Long Blades
  6509 | D:6      | Found Denkauz's Distillery.
  6516 | D:6      | Bought a potion of curing for 30 gold pieces
  6516 | D:6      | Bought a potion of lignification for 30 gold pieces
  6516 | D:6      | Gained mutation: You are partially covered in iridescent
                  | scales. (AC +2) [potion of mutation]
  6516 | D:6      | Gained mutation: You are mostly covered in iridescent
                  | scales. (AC +4) [potion of mutation]
  6727 | D:6      | Found Vuczic's Jewellery Shop.
  6727 | D:6      | Noticed a wraith
  6762 | D:6      | Reached XP level 8. HP: 56/56 MP: 12/12
  6879 | D:6      | Noticed Edmund
  7052 | D:6      | Killed a wraith
  7053 | D:6      | Reached skill level 5 in Poison Magic
  7099 | D:6      | Found a hazy altar of Hepliaklqana.
  7237 | D:6      | Noticed a two-headed ogre
  7251 | D:6      | Killed from afar by an orc wizard

Table legend: (Time is in decaauts)
 A = Elapsed time spent in this place.
 B = Non-inter-level travel time spent in this place.
 C = Inter-level travel time spent in this place.
 D = Time resting spent in this place.
 E = Time spent auto-exploring this place.
 F = Levels seen in this place.
 G = Mean time per level.
                   A        B        C        D        E       F      G
               +--------+--------+--------+--------+--------+-----+--------+
         Total |   7252 |   6880 |    372 |   1391 |   3884 |   7 | 1036.0 |
       Dungeon |   7043 |   6671 |    372 |   1391 |   3841 |   6 | 1173.8 |
         Abyss |    209 |    209 |      0 |      0 |     43 |   1 |  209.0 |
               +--------+--------+--------+--------+--------+-----+--------+

Top non-repeatable levels by time:
     D:5: 2351 daAuts
     D:3: 1439 daAuts
     D:2: 1142 daAuts
     D:1: 1051 daAuts
     D:6: 612 daAuts
     D:4: 446 daAuts
 Abyss:1: 209 daAuts

Table legend:
 A = Kills in this place as a percentage of kills in entire the game.
 B = Kills by you in this place as a percentage of kills by you in the entire game.
 C = Kills by friends in this place as a percentage of kills by friends in the entire game.
 D = Other kills in this place as a percentage of other kills in the entire game.
 E = Experience gained in this place as a percentage of experience gained in the entire game.
 F = Experience gained in this place divided by the number of levels of this place that you have seen.
                   A       B       C       D       E      F
               +-------+-------+-------+-------+-------+----------------------
         Total | 100.0 | 100.0 | 100.0 |   N/A | 100.0 | 234.1
       Dungeon | 100.0 | 100.0 | 100.0 |   N/A | 100.0 | 273.2
               +-------+-------+-------+-------+-------+----------------------

Action                   |  1- 3 |  4- 6 |  7- 9 || total
-------------------------+-------+-------+-------++-------
Melee: Falchion          |    69 |    74 |    53 ||   196
       Constrict         |    22 |    19 |    11 ||    52
       Tentacles         |    16 |    20 |    18 ||    54
Throw: Dart              |       |    10 |    11 ||    21
 Cast: Poisonous Vapours |       |       |    21 ||    21
Invok: Depart the Abyss  |     1 |       |       ||     1
  Use: Potion            |       |     2 |     2 ||     4
       Scroll            |       |       |     9 ||     9
 Stab: Sleeping          |     9 |     4 |     1 ||    14
Armor: Skin              |     4 |     5 |    13 ||    22
Dodge: Dodged            |    44 |    43 |    50 ||   137
       Rpst.: Falchion   |    19 |    12 |    16 ||    47

Vanquished Creatures
  A sky beast (D:5)
  An ice beast (D:6)
  2 ogres (D:5)
  2 scorpions (D:5)
  A water moccasin skeleton (D:5)
  2 howler monkeys
  4 hounds
  2 jellies
  2 orc priests (D:5)
  A bullfrog skeleton (D:4)
  An orc wizard (D:5)
  2 adders (D:3)
  2 shadow imps (D:5)
  2 ufetubi (D:6)
  An adder skeleton (D:2)
  3 worms
  5 dart slugs
  10 orcs
  6 ball pythons
  5 bats
  8 endoplasms
  4 giant cockroaches
  6 goblins
  4 hobgoblins
  4 jackals
  A quokka (D:5)
  6 kobolds
  4 rats (D:3)
92 creatures vanquished.

Vanquished Creatures (collateral kills)
  A wraith (D:6)
1 creature vanquished.

Grand Total: 93 creatures vanquished
